PBL
DETROIT RED WINGS @ CANTON INDIANS
08/04/2049
 
TOP OF THE 1ST
Detroit Red Wings batting - Pitching for Canton Indians : RHP Philip Nieves
Pitching: RHP Philip Nieves
Batting: RHB António Scarlett 0-0: Ball
1-0: Foul Ball, location: 2F
1-1: Ball
2-1: SINGLE (Flyball, 3D, EV 85.0 MPH)
Batting: RHB Felipe Torres 0-0: Foul Ball, location: 2F
0-1: Called Strike
0-2: Ball
1-2: Ball
2-2: Foul Ball, location: 2F
2-2: Ball
3-2: Base on Balls
António Scarlett to second
Batting: LHB Ryan Adams 0-0: DOUBLE (Line Drive, 7LM, EV 91.2 MPH)
António Scarlett scores
Felipe Torres to third
Batting: SHB Bill Casal 0-0: Called Strike
0-1: Ball
1-1: Foul Ball, location: 2F
1-2: Foul Ball, location: 2F
1-2: Ball
2-2: Foul Ball, location: 2F
2-2: Foul Ball, location: 2F
2-2: Foul Ball, location: 2F
2-2: Foul Ball, location: 2F
2-2: Foul Ball, location: 2F
2-2: Ball
3-2: Ground out 6-3 (Groundball, 6, EV 85.6 MPH)
Felipe Torres scores
Batting: RHB Harry Tugnut 0-0: Ball
1-0: Fly out, F8 (Line Drive, 8LD, EV 93.1 MPH)
Batting: SHB Salvador Lacosta 0-0: Ball
1-0: Called Strike
1-1: Foul Ball, location: 2F
1-2: Strikes out swinging
Top of the 1st over - 2 runs, 2 hits, 0 errors, 1 left on base; Detroit 2 - Canton 0
BOTTOM OF THE 1ST
Canton Indians batting - Pitching for Detroit Red Wings : RHP Nate McLemore
Pitching: RHP Nate McLemore
Batting: RHB Nick Rainey 0-0: Ball
1-0: Ball
2-0: Ground out 3-1 (Groundball, 34, EV 100.0 MPH)
Batting: RHB Oscar Hernandez 0-0: Ball
1-0: Foul Ball, location: 2F
1-1: Swinging Strike
1-2: Ball
2-2: SINGLE (Groundball, 34D, EV 96.2 MPH)
Batting: RHB Rob Marti 0-0: Grounds into double play, 6-4-3 (Groundball, 6, EV 81.2 MPH)
Bottom of the 1st over - 0 runs, 1 hit, 0 errors, 0 left on base; Detroit 2 - Canton 0
TOP OF THE 2ND
Detroit Red Wings batting - Pitching for Canton Indians : RHP Philip Nieves
Batting: RHB Carlos Avila 0-0: Ball
1-0: Called Strike
1-1: Foul Ball, location: 2F
1-2: Strikes out swinging
Batting: RHB Jason LeBlanc 0-0: Foul Ball, location: 2F
0-1: Called Strike
0-2: Ball
1-2: Ball
2-2: SOLO HOME RUN (Flyball, 7D, EV 107.5 MPH), Distance : 435 ft
Batting: RHB Mark Massey 0-0: Fly out, F4 (Popup, 4S, EV 68.1 MPH)
Batting: RHB António Scarlett 0-0: Called Strike
0-1: Swinging Strike
0-2: Strikes out swinging
Top of the 2nd over - 1 run, 1 hit, 0 errors, 0 left on base; Detroit 3 - Canton 0
BOTTOM OF THE 2ND
Canton Indians batting - Pitching for Detroit Red Wings : RHP Nate McLemore
Batting: RHB Jonathan Johnstad 0-0: Foul Ball, location: 2F
0-1: Ground out 6-3 (Groundball, 6, EV 84.4 MPH)
Batting: RHB David Haas 0-0: Called Strike
0-1: Foul Ball, location: 2F
0-2: Ball
1-2: Strikes out swinging
Batting: RHB Ryan Paquette 0-0: Called Strike
0-1: Foul Ball, location: 2F
0-2: Ball
1-2: Strikes out looking
Bottom of the 2nd over - 0 runs, 0 hits, 0 errors, 0 left on base; Detroit 3 - Canton 0
TOP OF THE 3RD
Detroit Red Wings batting - Pitching for Canton Indians : RHP Philip Nieves
Batting: RHB Felipe Torres 0-0: Foul Ball, location: 2F
0-1: Swinging Strike
0-2: Strikes out swinging
Batting: LHB Ryan Adams 0-0: Foul Ball, location: 2F
0-1: Swinging Strike
0-2: Ball
1-2: Foul Ball, location: 2F
1-2: Ball
2-2: Ball
3-2: Ground out U3 (Groundball, 3L, EV 106.9 MPH)
Batting: SHB Bill Casal 0-0: Ball
1-0: Fly out, F7 (Flyball, 78D, EV 103.1 MPH)
Top of the 3rd over - 0 runs, 0 hits, 0 errors, 0 left on base; Detroit 3 - Canton 0
BOTTOM OF THE 3RD
Canton Indians batting - Pitching for Detroit Red Wings : RHP Nate McLemore
Batting: RHB Giuliano Giacoletti Jr. 0-0: Ground out 5-3 (Groundball, 56, EV 81.2 MPH)
Batting: RHB Jesus Sanchez 0-0: Called Strike
0-1: Ball
1-1: Foul Ball, location: 2F
1-2: Ball
2-2: Ball
3-2: Base on Balls
Batting: SHB Jose Abreu 0-0: Swinging Strike
0-1: Foul Ball, location: 2F
0-2: Ball
1-2: Ball
2-2: Strikes out swinging
Batting: RHB Nick Rainey 0-0: Called Strike
0-1: Ball
1-1: Swinging Strike
1-2: Strikes out swinging
Bottom of the 3rd over - 0 runs, 0 hits, 0 errors, 1 left on base; Detroit 3 - Canton 0
TOP OF THE 4TH
Detroit Red Wings batting - Pitching for Canton Indians : RHP Philip Nieves
Batting: RHB Harry Tugnut 0-0: SINGLE (Line Drive, 7S, EV 88.1 MPH)
Batting: SHB Salvador Lacosta 0-0: Called Strike
0-1: Fly out, F8 (Flyball, 8LXD, EV 108.8 MPH)
Batting: RHB Carlos Avila 0-0: Called Strike
0-1: Ball
1-1: Reached on error, E5 (Groundball, 56, EV 87.5 MPH)
Harry Tugnut to second
Batting: RHB Jason LeBlanc 0-0: Ball
1-0: Called Strike
1-1: Foul Ball, location: 2F
1-2: Strikes out swinging
Batting: RHB Mark Massey 0-0: Called Strike
0-1: Ball
1-1: Ball
2-1: Ball
3-1: Base on Balls
Harry Tugnut to third
Carlos Avila to second
Batting: RHB António Scarlett 0-0: Ball
Wild Pitch!
Harry Tugnut scores
Carlos Avila to third
Mark Massey to second
1-0: Foul Ball, location: 2F
1-1: Ball
2-1: Foul Ball, location: 2F
2-2: DOUBLE (Line Drive, 7LD, EV 106.9 MPH)
Carlos Avila scores
Mark Massey scores
Batting: RHB Felipe Torres 0-0: Ball
1-0: Ball
2-0: Ball
3-0: Base on Balls
Batting: LHB Ryan Adams 0-0: Ball
1-0: Called Strike
1-1: Ball
2-1: Called Strike
2-2: Ball
3-2: Foul Ball, location: 2F
3-2: Fly out, F8 (Flyball, 8LM, EV 85.6 MPH)
Top of the 4th over - 3 runs, 2 hits, 1 error, 2 left on base; Detroit 6 - Canton 0
BOTTOM OF THE 4TH
Canton Indians batting - Pitching for Detroit Red Wings : RHP Nate McLemore
Batting: RHB Oscar Hernandez 0-0: Called Strike
0-1: Fly out, F9 (Flyball, 9LM, EV 84.4 MPH)
Batting: RHB Rob Marti 0-0: Ball
1-0: Swinging Strike
1-1: Swinging Strike
1-2: Ball
2-2: Fly out, F8 (Flyball, 8LXD, EV 105.0 MPH)
Batting: RHB Jonathan Johnstad 0-0: Foul Ball, location: 2F
0-1: Foul Ball, location: 2F
0-2: Fly out, F3 (Popup, 3F, EV 65.6 MPH)
Bottom of the 4th over - 0 runs, 0 hits, 0 errors, 0 left on base; Detroit 6 - Canton 0
TOP OF THE 5TH
Detroit Red Wings batting - Pitching for Canton Indians : RHP Philip Nieves
Pitching: RHP Mike Roman
Batting: SHB Bill Casal 0-0: Ball
1-0: Ball
2-0: Called Strike
2-1: Swinging Strike
2-2: Strikes out swinging
Batting: RHB Harry Tugnut 0-0: Called Strike
0-1: Called Strike
0-2: Ball
1-2: DOUBLE (Line Drive, 7LM, EV 101.2 MPH)
Batting: SHB Salvador Lacosta 0-0: Ball
1-0: Ground out U3 (Groundball, 34, EV 83.8 MPH)
Harry Tugnut to third
Batting: RHB Carlos Avila 0-0: Called Strike
0-1: Called Strike
0-2: Foul Ball, location: 2F
0-2: Foul Ball, location: 2F
0-2: Reached on error, E6 (Groundball, 56, EV 84.4 MPH)
Harry Tugnut scores
Batting: RHB Jason LeBlanc 0-0: Called Strike
0-1: Fly out, F7 (Line Drive, 7, EV 91.2 MPH)
Top of the 5th over - 1 run, 1 hit, 1 error, 1 left on base; Detroit 7 - Canton 0
BOTTOM OF THE 5TH
Canton Indians batting - Pitching for Detroit Red Wings : RHP Nate McLemore
Batting: RHB David Haas 0-0: Ball
1-0: Ball
2-0: Foul Ball, location: 2F
2-1: Ball
3-1: Base on Balls
Batting: RHB Ryan Paquette 0-0: Fly out, F8 (Flyball, 8LS, EV 91.2 MPH)
Batting: RHB Giuliano Giacoletti Jr. 0-0: Foul Ball, location: 2F
0-1: Ball
1-1: Fly out, F7 (Flyball, 7D, EV 103.1 MPH)
Batting: RHB Jesus Sanchez 0-0: Ball
1-0: Foul Ball, location: 2F
1-1: Called Strike
1-2: Strikes out swinging
Bottom of the 5th over - 0 runs, 0 hits, 0 errors, 1 left on base; Detroit 7 - Canton 0
TOP OF THE 6TH
Detroit Red Wings batting - Pitching for Canton Indians : RHP Mike Roman
Batting: RHB Mark Massey 0-0: Ball
1-0: Called Strike
1-1: Ball
2-1: DOUBLE (Flyball, 78D, EV 97.5 MPH)
Batting: RHB António Scarlett 0-0: Foul Ball, location: 2F
0-1: Called Strike
0-2: Strikes out swinging
Batting: RHB Felipe Torres Balk!
Mark Massey to third
0-0: Foul Ball, location: 2F
0-1: Foul Ball, location: 2F
0-2: Strikes out looking
Batting: LHB Ryan Adams 0-0: Foul Ball, location: 2F
0-1: Foul Ball, location: 2F
0-2: Foul Ball, location: 2F
0-2: Foul Ball, location: 2F
0-2: Foul Ball, location: 2F
0-2: Ground out U3 (Groundball, 3, EV 95.0 MPH)
Top of the 6th over - 0 runs, 1 hit, 0 errors, 1 left on base; Detroit 7 - Canton 0
BOTTOM OF THE 6TH
Canton Indians batting - Pitching for Detroit Red Wings : RHP Nate McLemore
Batting: SHB Jose Abreu 0-0: Ball
1-0: Ball
2-0: Ball
3-0: Called Strike
3-1: Base on Balls
Batting: RHB Nick Rainey 0-0: Ball
1-0: SINGLE (Groundball, 6MD, EV 111.9 MPH)
Jose Abreu to second
Batting: RHB Oscar Hernandez 0-0: Ball
1-0: Called Strike
1-1: Ball
2-1: Ball
3-1: SINGLE (Line Drive, 8LS, EV 100.6 MPH)
Jose Abreu to third
Nick Rainey to second
Batting: RHB Rob Marti 0-0: Called Strike
0-1: Ball
1-1: Foul Ball, location: 2F
1-2: SINGLE (Flyball, 8RS, EV 96.9 MPH)
Jose Abreu scores
Nick Rainey to third
Oscar Hernandez to second
Batting: RHB Jonathan Johnstad 0-0: Ground out 5-3 (Groundball, 56S, EV 71.2 MPH)
Nick Rainey scores
Oscar Hernandez to third
Rob Marti to second
Pitching: RHP Steve Riley
Pinch Hitting: LHB Julio Zamora 0-0: Foul Ball, location: 2F
0-1: SINGLE (Groundball, 4MD, EV 98.1 MPH)
Oscar Hernandez scores
Rob Marti to third
Runner from 3rd tries for Home, SAFE, throw by CF to home
Batting: RHB Ryan Paquette 0-0: 2-RUN HOME RUN (Flyball, 7D, EV 99.4 MPH), Distance : 397 ft
Pinch Hitting: RHB Jose Lebron 0-0: Fly out, F4 (Popup, 4, EV 69.4 MPH)
Pinch Hitting: SHB Henri Chardon 0-0: Called Strike
0-1: Called Strike
0-2: Ball
1-2: Ball
2-2: Ball
3-2: Strikes out looking
Bottom of the 6th over - 6 runs, 5 hits, 0 errors, 0 left on base; Detroit 7 - Canton 6
TOP OF THE 7TH
Detroit Red Wings batting - Pitching for Canton Indians : RHP Mike Roman
Now at 1B: Julio Zamora
Now at 2B: Jose Lebron
Now at SS: Darren Allan
Batting: SHB Bill Casal 0-0: Ball
1-0: Ball
2-0: Ball
3-0: Base on Balls
Batting: RHB Harry Tugnut 0-0: Called Strike
0-1: Ball
1-1: Swinging Strike
1-2: Strikes out looking
Batting: SHB Salvador Lacosta 0-0: Ball
1-0: SINGLE (Groundball, 56D, EV 96.2 MPH)
Bill Casal to second
Pitching: RHP Steve Child
Batting: RHB Carlos Avila 0-0: Ball
1-0: Ball
2-0: Called Strike
2-1: Swinging Strike
2-2: Strikes out looking
Batting: RHB Jason LeBlanc 0-0: Ball
1-0: Foul Ball, location: 2F
1-1: Ball
2-1: Swinging Strike
2-2: Foul Ball, location: 2F
2-2: Strikes out swinging
Top of the 7th over - 0 runs, 1 hit, 0 errors, 2 left on base; Detroit 7 - Canton 6
BOTTOM OF THE 7TH
Canton Indians batting - Pitching for Detroit Red Wings : RHP Steve Riley
Batting: SHB Jose Abreu 0-0: Called Strike
0-1: SINGLE (Flyball, 9S, EV 88.1 MPH)
Pinch Hitting: SHB Brad Larabel 0-0: Ball
1-0: Called Strike
1-1: Fly out, F8 (Flyball, 8LD, EV 101.2 MPH)
Pinch Hitting: LHB Jason Kessler 0-0: Called Strike
0-1: Swinging Strike
0-2: Strikes out swinging
Batting: RHB Rob Marti 0-0: Ball
1-0: Ball
2-0: Foul Ball, location: 2F
2-1: SINGLE (Groundball, 56D, EV 96.2 MPH)
Jose Abreu to second
Batting: LHB Dorian Oram 0-0: Called Strike
0-1: Swinging Strike
0-2: Ball
1-2: Ball
2-2: Fly out, F8 (Flyball, 8LD, EV 96.9 MPH)
Bottom of the 7th over - 0 runs, 2 hits, 0 errors, 2 left on base; Detroit 7 - Canton 6
TOP OF THE 8TH
Detroit Red Wings batting - Pitching for Canton Indians : RHP Steve Child
Now at 1B: Jason Kessler
Now in LF: Aubrey Regimbald
Now in RF: Julio Zamora
Batting: RHB Victor Acuna 0-0: Foul Ball, location: 2F
0-1: Ball
1-1: Swinging Strike
1-2: Strikes out swinging
Batting: RHB António Scarlett 0-0: Ball
1-0: Called Strike
1-1: Foul Ball, location: 2F
1-2: Ground out 5-3 (Groundball, 56S, EV 66.9 MPH)
Batting: RHB Felipe Torres 0-0: Called Strike
0-1: Ball
1-1: Ball
2-1: Foul Ball, location: 2F
2-2: Strikes out swinging
Top of the 8th over - 0 runs, 0 hits, 0 errors, 0 left on base; Detroit 7 - Canton 6
BOTTOM OF THE 8TH
Canton Indians batting - Pitching for Detroit Red Wings : RHP Steve Riley
Batting: LHB Julio Zamora 0-0: Swinging Strike
0-1: Called Strike
0-2: Ball
1-2: Foul Ball, location: 2F
1-2: Ball
2-2: Ball
3-2: Base on Balls
Batting: RHB Ryan Paquette 0-0: Ball
1-0: Swinging Strike
1-1: Ball
2-1: Grounds into double play, 4-6-3 (Groundball, 4, EV 103.8 MPH)
Batting: RHB Jose Lebron 0-0: Foul Ball, location: 2F
0-1: Ground out 5-3 (Groundball, 5, EV 76.2 MPH)
Bottom of the 8th over - 0 runs, 0 hits, 0 errors, 0 left on base; Detroit 7 - Canton 6
TOP OF THE 9TH
Detroit Red Wings batting - Pitching for Canton Indians : RHP Steve Child
Pitching: RHP Ryan Perkins
Batting: LHB Ryan Adams 0-0: Called Strike
0-1: Ball
1-1: Ground out 4-3 (Groundball, 4, EV 87.5 MPH)
Batting: SHB Bill Casal 0-0: Foul Ball, location: 2F
0-1: Foul Ball, location: 2F
0-2: Ball
1-2: Ball
2-2: SINGLE (Groundball, 6, EV 96.9 MPH)
Pinch Hitting: LHB David Kyle 0-0: Ball
1-0: Called Strike
1-1: Ball
2-1: Fly out, F8 (Flyball, 8RM, EV 95.6 MPH)
Batting: SHB Salvador Lacosta 0-0: Foul Ball, location: 2F
0-1: Ball
1-1: Ground out 4-3 (Groundball, 4S, EV 86.9 MPH)
Top of the 9th over - 0 runs, 1 hit, 0 errors, 1 left on base; Detroit 7 - Canton 6
BOTTOM OF THE 9TH
Canton Indians batting - Pitching for Detroit Red Wings : RHP Steve Riley
Pitching: RHP Joshua Wilson
Now at C: Alejandro Tovar
Now at 1B: Simon Barry
Pinch Hitting: RHB Joe Bauer 0-0: Ball
1-0: Ball
2-0: Swinging Strike
2-1: Foul Ball, location: 2F
2-2: Strikes out swinging
Batting: SHB Jose Abreu 0-0: Foul Ball, location: 2F
0-1: Called Strike
0-2: Ball
1-2: Ball
2-2: Foul Ball, location: 2F
2-2: Foul Ball, location: 2F
2-2: Foul Ball, location: 2F
2-2: Strikes out swinging
Batting: RHB Aubrey Regimbald 0-0: Fly out, F7 (Line Drive, 7, EV 95.6 MPH)
Bottom of the 9th over - 0 runs, 0 hits, 0 errors, 0 left on base; Detroit 7 - Canton 6
Sunday, July 16th , 2023 - OOTP Baseball 24.6 Build 69